 Dungeon Crawl Stone Soup version 0.29-a0-284-gf9362112df (webtiles) character file.

Game seed: 91861801044130408

13805 sammy202020 the Fighter (level 11, -10/95 HPs)
             Began as a Demonspawn Berserker on Mar 28, 2022.
             Was a Priest of Trog.
             Mangled by a boulder beetle (19 damage)
             ... on level 11 of the Dungeon.
             The game lasted 00:24:44 (11778 turns).

sammy202020 the Fighter (Demonspawn Berserker)     Turns: 11778, Time: 00:24:45

Health: -10/95     AC: 16    Str: 24    XL:     11   Next: 80%
Magic:  11/11      EV: 16    Int:  9    God:    Trog [***...]
Gold:   601        SH:  0    Dex: 16    Spells: 10/10 levels left

rFire   . . .      SeeInvis .   t - +3 hand axe (flame)
rCold   . . .      Faith    .   (no shield)
rNeg    . . .      Spirit   .   p - +2 ring mail {rPois}
rPois   +          Reflect  .   n - +0 helmet
rElec   .          Harm     .   s - +0 cloak {rCorr}
rCorr   +          Rampage  .   g - +2 pair of gloves
Will    ++...                   M - +1 pair of boots
Stlth   +.........              A - amulet of regeneration
HPRegen 2.05/turn               h - +6 ring of strength
MPRegen 0.12/turn               (no ring)

@: strong-willed, on berserk cooldown, regenerating, slowed, repel missiles,
very slow
A: claws 1, repulsion field 3, foul stench 1, powered by death 1, agile 1, dopey
1
a: Renounce Religion, Berserk, Trog's Hand


You were on level 11 of the Dungeon.
You worshipped Trog.
Trog was most pleased with you.
You visited 1 branch of the dungeon, and saw 11 of its levels.

You collected 681 gold pieces.
You spent 80 gold pieces at shops.

Inventory:

Hand Weapons
 t - a +3 hand axe of flaming (weapon)
 x - a +2 whip of flaming
 C - a +3 hand axe
Missiles
 m - 16 poisoned darts (quivered)
 u - 2 silver javelins
 v - 4 throwing nets
 L - 6 boomerangs
Armour
 g - a +2 pair of gloves (worn)
 n - a +0 helmet (worn)
 p - a +2 ring mail of poison resistance (worn)
 s - a +0 cloak of preservation (worn)
 I - a +0 hat
 M - a +1 pair of boots (worn)
Jewellery
 h - a +6 ring of strength (left hand)
 A - an amulet of regeneration (around neck)
 G - a ring of magical power
Wands
 d - a wand of acid (5)
 j - a wand of polymorph (3)
 k - a wand of flame (14)
 o - a wand of digging (1)
 y - a wand of iceblast (12)
 H - a wand of paralysis (2)
Scrolls
 e - 8 scrolls of teleportation
 l - 4 scrolls of fog
 D - a scroll of enchant armour
Potions
 a - a potion of mutation
 b - 2 potions of resistance
 c - 4 potions of curing
 f - 2 potions of heal wounds
 i - 2 potions of magic
 q - a potion of cancellation
 r - 2 potions of brilliance
 w - a potion of lignification
 z - 2 potions of ambrosia
 B - a potion of degeneration
 E - a potion of haste {unknown}
 F - a potion of attraction {unknown}
 J - a potion of berserk rage {unknown}
 K - a potion of invisibility {unknown}


   Skills:
 * Level 11.6 Fighting
 * Level 10.7 Axes
 + Level 7.3 Armour
 - Level 2.6 Dodging
 + Level 6.8 Unarmed Combat


You had 10 spell levels left.
You didn't know any spells.
Your spell library was empty.

Dungeon Overview and Level Annotations

Branches:
Dungeon (11/15)            Temple (0/1) D:7            Lair (0/6) D:9
    Orc (0/2) D:9

Altars:
Dithmenos
Fedhas
Hepliaklqana
Qazlal
Xom
Zin

Shops:
D:6 :   D:7 !


Innate Abilities, Weirdness & Mutations

You have sharp fingernails.
You are surrounded by a strong repulsion field. (EV +4, RMsl)
You may rarely emit foul miasma when damaged in melee.
You regenerate a little health from kills.
You are agile. (Dex +2)
You are dopey. (Int -2)


Message History

The red ugly thing is severely wounded.
You hit the boulder beetle but do no damage.
Your surroundings suddenly seem different.
Found 14 gold pieces.
You feel the effects of Trog's Hand fading.
You start resting.
A boulder beetle is nearby!
A boulder beetle is nearby!
The boulder beetle curls into a ball and begins rolling!
Your skin stops crawling.
You feel less strong-willed.
You hit the boulder beetle but do no damage.
The boulder beetle is almost dead.
The boulder beetle hits you!!
* * * LOW HITPOINT WARNING * * *
The boulder beetle stops rolling and uncurls.
Your skin crawls.
You feel strong-willed.
The boulder beetle bites you but does no damage.
The boulder beetle barely misses you.
You feel much better. The boulder beetle bites you!
You slash the boulder beetle! You burn the boulder beetle.
The boulder beetle is almost dead.
The boulder beetle bites you!
The centaur warrior shoots an arrow.
The arrow barely misses you.
You hit the boulder beetle but do no damage.
The boulder beetle is almost dead.
The centaur warrior shoots an arrow.
The arrow hits you!!
* * * LOW HITPOINT WARNING * * *
The boulder beetle bites you!
* * * LOW HITPOINT WARNING * * *
You hit the boulder beetle but do no damage.
Your punch misses the boulder beetle.
The boulder beetle is almost dead.
You hit the centaur warrior but do no damage.
The centaur warrior unwields a +0 shortbow.
The centaur warrior hits you!
* * * LOW HITPOINT WARNING * * *
The centaur warrior completely misses you.
The boulder beetle bites you!!
You die...

..$.....#####...............#
...............................
..........................>....
.............................
.............................
.............................
........................##...
...........Bc.......
####........@.$##..
#.....#...### #.....#####
#....### #...# #... ##


You could see a boulder beetle and a centaur warrior.

Vanquished Creatures
  Gastronok (D:9)
  Erolcha (D:9)
  2 hydras (D:11)
  5 two-headed ogres
  A wizard (D:11)
  An ugly thing (D:11)
  Joseph (D:9)
  The ghost of CowFu the Carver, a novice MiFi of Xom (D:5)
  Psyche (D:8)
  A hornet (D:9)
  Prince Ribbit (D:8)
  Sigmund (D:3)
  5 wyverns
  2 shadows
  A steam dragon (D:9)
  An acid dragon (D:9)
  Menkaure (D:7)
  2 black bears
  5 orc warriors
  2 sky beasts (D:7)
  2 ice beasts
  An ogre (D:7)
  A centaur (D:8)
  A phantom (D:5)
  2 kobold brigands
  2 bullfrogs
  2 gnoll sergeants
  2 necrophages
  10 wights
  11 killer bees
  A howler monkey (D:7)
  3 electric eels (D:6)
  4 crimson imps (D:6)
  A hound (D:7)
  11 orc priests
  Crazy Yiuf (D:3)
  3 jellies
  2 gnoll shamans
  Ijyb (D:3)
  3 iguanas
  12 orc wizards
  17 gnolls
  9 adders
  2 ufetubi (D:3)
  3 worms
  A dart slug (D:3)
  42 orcs
  4 bats
  6 endoplasms
  A giant cockroach (D:3)
  4 goblins
  7 hobgoblins
  2 jackals (D:4)
  3 quokkas
  6 ball pythons
  A frilled lizard (D:3)
  15 kobolds
  A rat (D:3)
236 creatures vanquished.

Vanquished Creatures (others)
  6 plants (D:6)
6 creatures vanquished.

Grand Total: 242 creatures vanquished

Notes
Turn   | Place    | Note
-------+----------+-------------------------------------------
     0 | D:1      | sammy202020 the Demonspawn Berserker began the quest for
                  | the Orb.
     0 | D:1      | Reached XP level 1. HP: 18/18 MP: 1/1
   660 | D:1      | Gained mutation: You are surrounded by a mild repulsion
                  | field. (EV +2) [demonic ancestry]
   660 | D:1      | Reached XP level 2. HP: 24/24 MP: 2/2
  1614 | D:2      | Gained mutation: You may rarely emit foul miasma when
                  | damaged in melee. [demonic ancestry]
  1614 | D:2      | Reached XP level 3. HP: 29/29 MP: 3/3
  1961 | D:3      | Gained mutation: You are surrounded by a moderate repulsion
                  | field. (EV +3) [demonic ancestry]
  1961 | D:3      | Reached XP level 4. HP: 6/37 MP: 4/4
  2551 | D:3      | Found a hazy altar of Hepliaklqana.
  2625 | D:3      | Found a faded altar of an unknown god.
  2633 | D:3      | Noticed Sigmund
  2641 | D:3      | Killed Sigmund
  2642 | D:3      | Reached skill level 4 in Fighting
  2642 | D:3      | Gained mutation: You have sharp fingernails. [demonic
                  | ancestry]
  2642 | D:3      | Reached XP level 5. HP: 43/43 MP: 5/5
  2648 | D:3      | Noticed Ijyb
  2668 | D:3      | Killed Ijyb
  2852 | D:3      | Reached XP level 6. HP: 48/49 MP: 6/6
  3008 | D:3      | Found a runed translucent door.
  3009 | D:3      | Noticed Crazy Yiuf
  3018 | D:3      | Killed Crazy Yiuf
  3193 | D:3      | Found a shadowy altar of Dithmenos.
  4228 | D:4      | Reached ** piety under Trog
  4350 | D:4      | You fall into a shaft and drop 3 floors!
  4412 | D:7      | Reached skill level 1 in Unarmed Combat
  4455 | D:7      | Noticed an ice beast
  4470 | D:7      | Reached skill level 5 in Fighting
  4474 | D:7      | Killed an ice beast
  4475 | D:7      | Reached XP level 7. HP: 53/56 MP: 7/7
  4661 | D:7      | Found Gupin's Distillery.
  4662 | D:7      | Noticed a wyvern
  4664 | D:7      | Noticed Menkaure
  4670 | D:7      | Killed a wyvern
  4671 | D:7      | Reached skill level 5 in Axes
  4679 | D:7      | Killed Menkaure
  4680 | D:7      | Reached skill level 6 in Fighting
  4687 | D:7      | Bought a potion of mutation for 80 gold pieces
  5108 | D:7      | Noticed a wyvern
  5113 | D:7      | Gained mutation: You regenerate a little health from kills.
                  | [demonic ancestry]
  5113 | D:7      | Reached XP level 8. HP: 50/64 MP: 8/8
  5193 | D:7      | Reached skill level 7 in Fighting
  5550 | D:7      | Found a staircase to the Ecumenical Temple.
  5574 | D:7      | Found a blossoming altar of Fedhas.
  5892 | D:7      | Found a stormy altar of Qazlal.
  6081 | D:6      | Gained mutation: You are surrounded by a strong repulsion
                  | field. (EV +4, RMsl) [demonic ancestry]
  6081 | D:6      | Reached XP level 9. HP: 56/72 MP: 9/9
  6230 | D:6      | Gained mutation: You are agile. (Dex +2) [potion of
                  | mutation]
  6230 | D:6      | Gained mutation: You are dopey. (Int -2) [potion of
                  | mutation]
  6289 | D:6      | Found a shimmering altar of Xom.
  6610 | D:6      | Found Hounoppe's Book Shoppe.
  7184 | D:6      | Reached skill level 8 in Fighting
  7409 | D:5      | Entered Level 5 of the Dungeon
  7690 | D:5      | Reached skill level 5 in Armour
  7784 | D:5      | Noticed CowFu's ghost (novice MiFi)
  7798 | D:5      | Found a runed translucent door.
  8511 | D:5      | Killed CowFu's ghost
  9136 | D:8      | Noticed a two-headed ogre
  9147 | D:8      | Killed a two-headed ogre
  9148 | D:8      | Reached skill level 9 in Fighting
  9148 | D:8      | Reached XP level 10. HP: 41/83 MP: 10/10
  9279 | D:8      | Noticed Psyche
  9287 | D:8      | Killed Psyche
  9309 | D:8      | Noticed a two-headed ogre
  9321 | D:8      | Killed a two-headed ogre
  9322 | D:8      | Reached skill level 5 in Unarmed Combat
  9322 | D:8      | HP: 3/124 [gnoll/+0 halberd (9)]
  9388 | D:8      | Reached *** piety under Trog
  9390 | D:8      | Noticed Prince Ribbit
  9420 | D:8      | Killed Prince Ribbit
  9982 | D:9      | Reached skill level 10 in Fighting
 10031 | D:9      | Found a staircase to the Lair.
 10099 | D:9      | Noticed Gastronok
 10128 | D:9      | Killed Gastronok
 10129 | D:9      | Reached XP level 11. HP: 51/92 MP: 11/11
 10222 | D:9      | Identified the +4 short sword of Kihoeng {speed, *Corrode
                  | rElec Str+4 Int+4}
 10229 | D:9      | Noticed a two-headed ogre
 10241 | D:9      | Killed a two-headed ogre
 10315 | D:9      | Noticed Joseph
 10334 | D:9      | Killed Joseph
 10460 | D:9      | Noticed Erolcha
 10472 | D:9      | Killed Erolcha
 10644 | D:9      | Found a staircase to the Orcish Mines.
 10790 | D:10     | Entered Level 10 of the Dungeon
 10799 | D:10     | Reached skill level 10 in Axes
 10813 | D:10     | Identified the +7 quarterstaff "Nemauj" {spect, rElec rF+
                  | Dex+2}
 10931 | D:10     | Noticed a two-headed ogre
 10943 | D:10     | Killed a two-headed ogre
 10944 | D:10     | Reached skill level 11 in Fighting
 11079 | D:10     | Noticed a two-headed ogre
 11092 | D:10     | Killed a two-headed ogre
 11602 | D:11     | Noticed a purple ugly thing
 11615 | D:11     | Killed a purple ugly thing
 11728 | D:11     | Noticed an eight-headed hydra
 11728 | D:11     | Noticed a wizard
 11728 | D:11     | Noticed a five-headed hydra
 11728 | D:11     | Noticed a red ugly thing
 11731 | D:11     | Noticed a boulder beetle
 11738 | D:11     | Killed a one-headed hydra
 11745 | D:11     | Noticed a centaur warrior
 11747 | D:11     | Killed a three-headed hydra
 11756 | D:11     | Killed a wizard
 11778 | D:11     | Mangled by a boulder beetle

Illustrated notes

Levels and vault maps discovered:
D:1:      dpeg_arrival_rooms_a, layout_basic
D:2:      layout_basic
D:3:      layout_basic, mainiacjoe_overflow_small_starburst,
          mainiacjoe_overflow_concentric_impassable, basic_ecumenical_altar,
          serial_glass, glass_columns_b, glass_columns_a, minmay_diced_spiral,
          uniq_sigmund, uniq_ijyb, uniq_crazy_yiuf_cottage
D:4:      layout_loops_corners, lemuel_round_altar, kennysheep_generic_room_10
D:5:      layout_layer_cave, hellmonk_ghost_happy_afterlife
D:6:      wad_lake_hut, layout_basic, led_xom_imps, serial_shops, shop,
          minivault_19
D:7:      layout_loops_corners, grunt_temple_overflow_forces_of_nature,
          minmay_temple_entry_crystal_x, serial_shops, nicolae_shop_crystal,
          minmay_circle_x, uniq_menkaure
D:8:      layout_cave_pools, skrybe_limestone_x, uniq_psyche,
          uniq_prince_ribbit1
D:9:      layout_gridville, lair_entry_dummy, david_orc_2, uniq_gastronok,
          uniq_erolcha, uniq_joseph
D:10:     layout_irregular_city, grunt_ministairs_8
D:11:     minmay_blocky_corners, layout_cross, minmay_misc_feat_enclosed,
          uniq_grum

Skill      XL: |  1  2  3  4  5  6  7  8  9 10 11 |
---------------+----------------------------------+-----
Axes           | 3 4 5 6 8 9 10 | 10.7
Armour         | 2 3 4 5 6 7 |  7.3
Dodging        | 2 |  2.6
Fighting       | 4 5 6 7 9 10 11 | 11.6
Unarmed Combat | 1 2 3 4 5 6 |  6.8

Action                   |  1- 3 |  4- 6 |  7- 9 | 10-12 || total
-------------------------+-------+-------+-------+-------++-------
Melee: Hand axe          |    98 |   145 |   325 |   298 ||   866
       Punch             |       |       |    12 |     6 ||    18
Throw: Dart              |       |       |     3 |     7 ||    10
Invok: Berserk           |     3 |     3 |     4 |     6 ||    16
       Trog's Hand       |       |     1 |     5 |     6 ||    12
  Use: Scroll            |     4 |     4 |     7 |     4 ||    19
       Potion            |       |       |     5 |     2 ||     7
 Stab: Sleeping          |     1 |       |       |       ||     1
Armor: Animal skin       |    12 |       |       |       ||    12
       Ring mail         |     9 |    67 |   111 |   115 ||   302
       Skin              |       |     1 |       |       ||     1
Dodge: Dodged            |    71 |   121 |   243 |   289 ||   724
       Repelled          |       |       |     1 |     1 ||     2

Table legend: (Time is in decaauts)
 A = Elapsed time spent in this place.
 B = Non-inter-level travel time spent in this place.
 C = Inter-level travel time spent in this place.
 D = Time resting spent in this place.
 E = Time spent auto-exploring this place.
 F = Levels seen in this place.
 G = Mean time per level.
                   A        B        C        D        E       F      G
               +--------+--------+--------+--------+--------+-----+--------+
         Total |  11920 |  11586 |    334 |   1047 |   8194 |  11 | 1083.6 |
       Dungeon |  11920 |  11586 |    334 |   1047 |   8194 |  11 | 1083.6 |
               +--------+--------+--------+--------+--------+-----+--------+

Top non-repeatable levels by time:
     D:3: 1947 daAuts
     D:7: 1713 daAuts
     D:6: 1449 daAuts
     D:5: 1149 daAuts
     D:2: 1144 daAuts
     D:4: 1029 daAuts
     D:8: 907 daAuts
     D:9: 840 daAuts
    D:10: 791 daAuts
     D:1: 777 daAuts
    D:11: 171 daAuts
